 Dungeon Crawl Stone Soup version 0.19-a0-1032-g6b228a8 (webtiles) character file.

123 shmeve the Shield-Bearer (level 4, -6/40 HPs)
             Began as a Minotaur Berserker on July 29, 2016.
             Was a Believer of Trog.
             Killed from afar by Ijyb (22 damage)
             ... with a wand of acid
             ... on level 3 of the Dungeon.
             The game lasted 00:04:41 (2132 turns).

shmeve the Shield-Bearer (Minotaur Berserker)       Turns: 2132, Time: 00:04:41

Health: -6/40      AC:  3    Str: 23    XL:     4   Next: 80%
Magic:  3/3        EV: 10    Int:  6    God:    Trog [**....]
Gold:   108        SH: 11    Dex:  9    Spells: 0 memorised, 3 levels left

rFire  . . .     SeeInvis .     a - +0 hand axe
rCold  . . .     Gourm    .     b - +0 animal skin
rNeg   . . .     Faith    .     n - +2 shield
rPois  .         Spirit   .     (helmet restricted)
rElec  .         Dismiss  .     (no cloak)
rCorr  .         Reflect  .     m - +0 pair of gloves
SustAt .         Harm     .     (no boots)
MR     ++...                    (no amulet)
Stlth  +.........               (no ring)
                                f - +2 ring of intelligence

@: lethally poisoned (-6 -> -7), regenerating, very resistant to hostile
enchantments, very unstealthy
A: retaliatory headbutt, horns 2
a: Berserk, Trog's Hand, Burn Spellbooks, Renounce Religion


You were on level 3 of the Dungeon.
You worshipped Trog.
Trog was pleased with you.
You were very hungry.

You visited 1 branch of the dungeon, and saw 3 of its levels.

You collected 108 gold pieces.

Inventory:

Hand Weapons
 a - a +0 hand axe (weapon)
Armour
 b - a +0 animal skin (worn)
 m - a +0 pair of gloves (worn)
 n - a +2 shield (worn)
Jewellery
 f - a +2 ring of intelligence (left hand)
Scrolls
 d - 7 scrolls of remove curse {unknown}
 e - 2 scrolls of amnesia {unknown}
 g - a scroll of magic mapping {unknown}
 j - 3 scrolls of identify {unknown}
Potions
 h - 3 potions of heal wounds {unknown}
 i - 3 potions of curing {unknown}
 k - a potion of brilliance {unknown}
 l - a potion of lignification {unknown}
Comestibles
 c - 2 bread rations


   Skills:
 * Level 4.0 Fighting
 * Level 3.8 Axes
 + Level 0.8 Throwing
 + Level 2.8 Armour
 + Level 2.4 Dodging
 * Level 4.3 Shields


You had 3 spell levels left.
You didn't know any spells.

Dungeon Overview and Level Annotations

Branches:
Dungeon (3/15)

Altars:
Hepliaklqana
Ru

Annotations:
D:3 Ijyb


Innate Abilities, Weirdness & Mutations

You reflexively headbutt those who attack you in melee.
You have a pair of horns on your head.


Message History

Your skin crawls.
You feel resistant to hostile enchantments.
You are feeling very hungry.
You're too hungry to go berserk.
You hit Ijyb.
Ijyb is lightly wounded.
You block Ijyb's attack.
You barely miss Ijyb.
Ijyb is lightly wounded.
You block Ijyb's attack. Ijyb completely misses you. You furiously retaliate!
You headbutt Ijyb. You hit Ijyb. You headbutt Ijyb!
Ijyb is almost dead.
Ijyb hits you with a dagger of venom.
You are poisoned.
You barely miss Ijyb. You headbutt Ijyb.
Ijyb is almost dead.
You feel sick.
Ijyb zaps a wand.
The bolt of acid hits you!
Ouch! That really hurt!
You die...

#######
#.....#
#...<.#
#...)[#
#.....#
#...)%#
###@###
#.g.#
#.#...
#. .###
.# ##
#. #.
..


You could see Ijyb.

Vanquished Creatures
  An orc priest (D:3)
  A gnoll (D:1)
  2 adders (D:2)
  A worm (D:1)
  2 dart slugs
  2 giant geckos
  3 orcs (D:3)
  8 bats
  A giant cockroach (D:1)
  6 goblins
  5 hobgoblins
  9 jackals
  4 kobolds
  2 giant newts
  5 rats
52 creatures vanquished.

Notes
Turn   | Place    | Note
-------+----------+-------------------------------------------
     0 | D:1      | shmeve the Minotaur Berserker began the quest for the Orb.
     0 | D:1      | Reached XP level 1. HP: 19/19 MP: 0/0
   284 | D:1      | Reached skill level 1 in Shields
   284 | D:1      | Reached XP level 2. HP: 21/27 MP: 1/1
   880 | D:1      | Reached XP level 3. HP: 27/33 MP: 2/2
  1049 | D:1      | Reached ** piety under Trog
  1606 | D:2      | Found a sacrificial altar of Ru.
  1606 | D:2      | Found a hazy altar of Hepliaklqana.
  1624 | D:2      | Reached XP level 4. HP: 29/40 MP: 3/3
  2124 | D:3      | Noticed Ijyb
  2132 | D:3      | Killed from afar by Ijyb

Vault maps used:
D:1:      evilmike_arrival_run_for_it
D:2:      gammafunk_temple_overflow_wave
D:3:      marbit_many_paths, lemuel_crystal_altar, uniq_iyjb, uniq_terence

Skill      XL: |  1  2  3  4 |
---------------+-------------+-----
Shields        | 1 2 4 |  4.3
Fighting       | 4 |  4.0
Axes           | |  3.8
Throwing       | |  0.8
Armour         | |  2.8
Dodging        | |  2.4

Action                   |  1- 3 |  4- 6 || total
-------------------------+-------+-------++-------
Melee: Hand axe          |    74 |    34 ||   108
       Headbutt          |    10 |     5 ||    15
Invok: Berserk           |     1 |       ||     1
       Trog's Hand       |       |     1 ||     1
 Stab: Sleeping          |     1 |       ||     1
  Eat: Chunk             |     3 |     1 ||     4
Armor: Animal skin       |    26 |     4 ||    30
Dodge: Dodged            |    76 |    18 ||    94
Block: Shield            |       |    24 ||    24
